 Dungeon Crawl Stone Soup version 0.13-a0-2398-gfa67c8a (console) character file.

42065 Illaniel the Carver (level 13, 0/82 HPs)
             Began as a High Elf Skald on July 16, 2013.
             Was a High Priest of Okawaru.
             Killed from afar by a lindwurm (35 damage)
             ... with a blast of flame
             ... on Level 8 of the Lair of Beasts.
             The game lasted 02:34:07 (23547 turns).

Illaniel the Carver (High Elf Skald)               Turns: 23547, Time: 02:34:07

HP   0/82        AC 15     Str 12      XL: 13   Next: 77%
MP  13/32        EV 21     Int 19 (23) God: Okawaru [*****.]
Gold 1195        SH  0     Dex 21      Spells:  5 memorised, 20 levels left

Res.Fire  : . . .   See Invis. : .   a - +3,+2 long sword (slice)
Res.Cold  : + . .   Warding    : .   N - +2 orc ring mail {rC+}
Life Prot.: . . .   Conserve   : .   (no shield)
Res.Poison: +       Res.Corr.  : +   P - +2 cap {Int+3}
Res.Elec. : .       Clarity    : .   e - -1 cloak
Sust.Abil.: . .     Spirit.Shd : .   (no gloves)
Res.Mut.  : .       Stasis     : .   G - +0 pair of boots
Res.Rott. : .       Flight     : .   u - amulet of resist corrosion
Saprovore : . . .                    I - +4 ring of protection
                                     q - ring of poison resistance

@: agile, somewhat resistant to hostile enchantments, very stealthy
A: no striking features
a: Heroism, Finesse, Renounce Religion


You were on level 8 of the Lair of Beasts.
You worshipped Okawaru.
Okawaru was exalted by your worship.
You were not hungry.

You visited 3 branches of the dungeon, and saw 21 of its levels.

You collected 1175 gold pieces.

Inventory:

Hand weapons
 a - a +3,+2 long sword of slicing (weapon)
 h - a +5,+0 triple sword of holy wrath
 v - a +0 blowgun
Missiles
 A - 6 exploding darts (quivered)
 M - 44 poisoned needles
Armour
 e - a -1 cloak (worn)
 G - a +0 pair of boots (worn)
 N - a +2 orcish ring mail of cold resistance (worn)
 P - a +2 cap of intelligence (worn)
Magical devices
 p - a wand of teleportation (2)
 t - a wand of digging (11)
 B - a wand of lightning (0)
 S - a wand of invisibility (2)
 Y - a wand of disintegration (20)
Comestibles
 d - 5 apples
 f - 2 apricots
 j - a honeycomb
 n - 2 bread rations
 R - a meat ration
 X - 2 pears
Scrolls
 b - a scroll of torment {unknown}
 c - 2 scrolls of random uselessness
 i - 5 scrolls of identify
 o - 3 scrolls of noise
 w - a scroll of curse weapon
 D - a scroll of fog
 F - 2 scrolls of magic mapping
 H - 3 scrolls of curse armour
 K - a scroll of silence
 L - 9 scrolls of teleportation
 Q - 4 scrolls of blinking
 U - a scroll of immolation {unknown}
 Z - 2 scrolls of remove curse
Jewellery
 g - a +3 ring of evasion
 q - a ring of poison resistance (left hand)
 u - an amulet of resist corrosion (around neck)
 C - an uncursed ring of flight
 I - a +4 ring of protection (right hand)
Potions
 k - 2 potions of flight
 l - a potion of might
 m - a potion of speed
 r - 2 potions of curing
 s - 3 potions of porridge
 x - 3 potions of poison
 y - 2 potions of magic
 z - 2 potions of brilliance
 E - 5 potions of restore abilities
 J - a potion of mutation
 O - a potion of berserk rage
 T - 4 potions of agility
 V - 2 potions of slowing
 W - a potion of confusion


   Skills:
 * Level 7.3 Fighting
   Level 2.4 Short Blades
 * Level 11.2 Long Blades
 + Level 5.5 Armour
 * Level 9.4 Dodging
 * Level 6.8 Stealth
 * Level 5.4 Traps
 * Level 9.9 Spellcasting
 - Level 3.0 Hexes
 * Level 10.3 Charms
 + Level 3.8 Summonings
 + Level 5.5 Translocations
 * Level 8.1 Invocations
 + Level 5.8 Evocations


You had 20 spell levels left.
You knew the following spells:

 Your Spells              Type           Power        Failure   Level  Hunger
a - Infusion              Chrm           #####.       1%          1    None
b - Song of Slaying       Chrm           #####.....   1%          2    None
c - Spectral Weapon       Hex/Chrm       ####....     1%          3    None
h - Shroud of Golubria    Chrm/Tloc      #####.....   1%          2    None
x - Abjuration            Summ           ###.......   10%         3    None


Dungeon Overview and Level Annotations

Branches:
Dungeon (12/27)            Temple (1/1) D:6             Orc (0/4) D:10
   Lair (8/8) D:10          Swamp (0/5) Lair:6       Shoals (0/5) Lair:6
  Snake (0/5) Lair:5        Slime (0/6) Lair:8

Altars:
Ashenzari
Cheibriados
Elyvilon
Fedhas
Kikubaaqudgha
Makhleb
Nemelex Xobeh
Okawaru
Sif Muna
Trog
Vehumet
Xom
Yredelemnul
Zin
the Shining One

Shops:
D:7: (

Annotations
Lair:3 exclusion: hydra
Lair:5 exclusion: hydra
Lair:6 2 exclusions
Lair:8 exclusions: hydra and 5 oklob plants


Message History

You slash the giant leech!
The giant leech is heavily wounded.
You feel like a meek peon again.
Your spectral weapon closely misses the giant leech.
The giant leech barely misses you.
You hit the giant leech.
The giant leech is heavily wounded.
Your spectral weapon hits the giant leech.
You hit the giant leech.
The giant leech is severely wounded.
Your spectral weapon hits the giant leech!
The giant leech closely misses your spectral weapon.
The lindwurm turns to fight!
The lindwurm breathes fire at your spectral weapon.
The blast of flame hits your spectral weapon.
Your spectral weapon resists.
Your spectral weapon shares its damage with you!
The blast of flame hits you!
One of your 10 scrolls of teleportation catches fire!
You die...

▒▒▒▒▒▒▒▒ ▒▒▒▒▒▒ ▒∙▒▒∙∙∙▒▒▒▒
▒▒▒▒▒l∙∙∙▒▒▒
▒▒▒∙∙∙∙∙∙∙∙▒▒▒▒▒∙w∙∙∙∙∙%%∙▒
▒∙∙∙∙▒▒∙∙∙∙∙∙▒▒∙@(∙P▒▒▒▒%∙∙▒
∙∙∙∙▒▒▒∙∙∙∙∙∙∙▒∙∙▒▒▒▒ ▒∙∙▒
∙∙▒▒∙▒▒∙∙∙▒▒∙∙∙∙▒▒ ▒▒▒ ∙∙▒
P⌠∙▒▒▒▒∙∙∙▒▒▒▒∙∙∙▒▒▒∙▒ ∙?▒
▒▒∙∙▒▒▒∙∙∙▒ ▒∙▒∙∙∙P∙▒▒▒ ∙▒▒
▒▒∙∙∙▒∙∙∙▒ ▒▒▒▒∙∙∙∙∙∙▒▒▒▒▒▒
▒∙∙▒▒∙∙∙▒ ▒▒▒▒∙∙∙∙∙∙∙∙▒∙▒
▒▒∙∙▒▒∙∙▒ ▒∙▒∙∙∙▒▒▒▒∙∙∙▒▒
▒∙∙∙∙▒▒▒▒▒▒∙∙∙▒▒ ▒▒∙∙∙▒
▒▒▒▒▒∙∙▒▒ ▒▒∙P∙∙▒▒ ▒w▒∙P▒
▒∙∙▒∙∙▒▒ ▒PPP∙∙∙▒ ∙∙▒


You could see a giant leech, a lindwurm and a friendly spectral long sword of
slicing.

Vanquished Creatures
  A naga warrior (Lair:5)
  A hydra (D:11)
  2 hill giants (D:12)
  2 griffons
  2 oklob plants
  5 spiny worms (Lair:8)
  2 black mambas
  6 fire drakes
  7 spiny frogs
  5 komodo dragons
  A jumping spider (Lair:5)
  A troll (D:12)
  2 giant leeches (Lair:8)
  2 polar bears
  Prince Ribbit (D:4)
  A boulder beetle (Lair:8)
  6 giant fireflies (Lair:8)
  10 blink frogs
  A basilisk (Lair:1)
  3 redbacks (Lair:5)
  A wraith (D:12)
  A hill giant zombie (D:12)
  3 wyverns
  2 elephant slugs
  5 grizzly bears
  Eustachio (D:7)
  51 yaks
  13 wolves
  A hungry ghost (D:7)
  7 hippogriffs
  5 rock worms (Lair:8)
  6 porcupines
  2 mottled dragons
  A soldier ant (D:12)
  4 ice beasts
  4 sky beasts
  8 orc warriors
  7 black bears
  6 ogres
  A yellow wasp (D:12)
  A deep dwarf (D:7)
  2 centaurs
  A boring beetle (Lair:5)
  A phantom (D:9)
  3 brain worms (Lair:8)
  12 crocodiles
  12 giant slugs
  A big kobold (D:12)
  8 water moccasins
  12 giant frogs
  8 agate snails
  A manticore skeleton (D:11)
  A wyvern skeleton (D:10)
  5 wights (D:9)
  A hippogriff skeleton (D:8)
  2 troll zombies
  16 killer bees
  12 crimson imps
  2 giant frog zombies
  9 hounds
  5 goliath beetles
  3 quasits
  A giant frog skeleton (D:9)
  7 orc priests
  7 iguanas
  A two-headed ogre skeleton (D:12)
  2 big fish (D:5)
  4 scorpions
  A two-headed ogre zombie (D:12)
  10 orc wizards
  3 worker ants
  23 sheep
  Ijyb (D:2)
  A hound zombie (D:8)
  5 jellies
  3 worker ant zombies
  A mummy (D:12)
  4 gnolls (D:6)
  47 green rats
  A lemure (D:7)
  26 adders
  A giant centipede (Lair:4)
  A giant mite (D:3)
  2 white imps (D:7)
  12 worms
  2 ufetubi (D:7)
  An adder zombie (D:8)
  2 iguana skeletons
  A giant eyeball (D:9)
  5 giant geckos
  41 orcs
  28 bats
  20 goblins
  18 hobgoblins
  22 kobolds
  11 quokkas
  4 giant cockroaches
  A giant newt (D:2)
  3 giant spores
  A goblin skeleton (D:5)
  A hobgoblin skeleton (D:4)
  22 jackals
  A kobold skeleton (D:4)
  An orc zombie (D:6)
  26 rats
  A rat skeleton (D:4)
  A rat zombie (D:5)
  5 ballistomycetes
  6 fungi
  A plant (Lair:8)
697 creatures vanquished.

Vanquished Creatures (others)
  20 spectral weapons
  2 yaks (D:9)
  An ogre (D:12)
  An adder (D:9)
  2 orcs (D:8)
  A bat (Lair:4)
  A giant newt (D:1)
  A goblin (D:2)
  6 fungi
  3 plants
  14 toadstools (D:5)
52 creatures vanquished.

Grand Total: 749 creatures vanquished

Notes
Turn   | Place    | Note
--------------------------------------------------------------
     0 | D:1      | Illaniel, the High Elf Skald, began the quest for the Orb.
     0 | D:1      | Reached XP level 1. HP: 13/13 MP: 4/4
   200 | D:1      | Reached skill level 1 in Armour
   394 | D:1      | Reached XP level 2. HP: 15/18 MP: 3/6
   398 | D:1      | Learned a level 2 spell: Song of Slaying
   401 | D:1      | Learned a level 2 spell: Shroud of Golubria
   790 | D:1      | Reached skill level 4 in Charms
  1004 | D:2      | Noticed Ijyb
  1025 | D:2      | Killed Ijyb
  1025 | D:2      | Reached XP level 3. HP: 14/23 MP: 1/8
  1543 | D:2      | Reached XP level 4. HP: 15/29 MP: 0/12
  1558 | D:2      | Learned a level 3 spell: Spectral Weapon
  2340 | D:3      | Reached skill level 1 in Long Blades
  2344 | D:3      | Found a bloodstained altar of Trog.
  2678 | D:3      | Reached XP level 5. HP: 18/34 MP: 8/14
  2969 | D:4      | Found a shimmering altar of Xom.
  3162 | D:4      | Got a warped spear
  3661 | D:4      | Noticed Prince Ribbit
  3661 | D:4      | Noticed an ogre
  3669 | D:4      | Killed Prince Ribbit
  3669 | D:4      | Reached XP level 6. HP: 38/40 MP: 14/17
  3672 | D:4      | Killed an ogre
  3749 | D:5      | Entered Level 5 of the Dungeon
  3802 | D:5      | Reached XP level 7. HP: 14/45 MP: 12/20
  4154 | D:5      | Found an ancient bone altar of Kikubaaqudgha.
  4207 | D:5      | Reached skill level 5 in Long Blades
  4251 | D:5      | Reached skill level 5 in Charms
  4314 | D:5      | Reached skill level 1 in Hexes
  4532 | D:5      | Found a blossoming altar of Fedhas.
  4543 | D:5      | Noticed an oklob plant
  5121 | D:5      | Reached XP level 8. HP: 48/52 MP: 11/21
  5301 | D:6      | Reached skill level 1 in Translocations
  5659 | D:5      | Identified the cursed spear of Ymunn {pierce, rF++ rN+} (You found it on level 4 of the Dungeon)
  5854 | D:6      | Reached skill level 5 in Spellcasting
  5928 | D:6      | Found a staircase to the Ecumenical Temple.
  5938 | Temple   | Entered the Ecumenical Temple
  5987 | Temple   | Became a worshipper of Warmaster Okawaru
  6331 | D:6      | Found an iron altar of Okawaru.
  6663 | D:7      | Reached skill level 6 in Long Blades
  6791 | D:7      | Noticed Eustachio
  6839 | D:7      | Killed Eustachio
  6839 | D:7      | Acquired Okawaru's first power
  6907 | D:7      | Reached skill level 5 in Fighting
  7026 | D:7      | Reached XP level 9. HP: 41/57 MP: 19/24
  7111 | D:7      | Reached skill level 5 in Dodging
  7189 | D:7      | Found Protiden's Antique Weapon Emporium.
  7390 | D:5      | Killed an oklob plant
  7390 | D:5      | Reached skill level 1 in Invocations
  7390 | D:5      | Reached skill level 1 in Evocations
  7504 | D:7      | Reached skill level 7 in Long Blades
  8136 | D:8      | Reached XP level 10. HP: 29/64 MP: 0/27
  8504 | D:8      | Learned a level 3 spell: Abjuration
  8526 | D:8      | Found a glowing golden altar of the Shining One.
  8934 | D:9      | Reached skill level 8 in Long Blades
  8942 | D:9      | Reached skill level 1 in Summonings
  9682 | D:10     | Entered Level 10 of the Dungeon
  9813 | D:10     | Acquired Okawaru's second power
  9828 | D:10     | Found a staircase to the Lair.
  9855 | Lair:1   | Entered Level 1 of the Lair of Beasts
  9881 | Lair:1   | Reached XP level 11. HP: 59/70 MP: 6/28
 10494 | Lair:1   | Found a glowing golden altar of the Shining One.
 10763 | Lair:1   | Reached skill level 5 in Invocations
 10845 | Lair:1   | Noticed a black mamba
 10856 | Lair:1   | Killed a black mamba
 10856 | Lair:1   | Reached skill level 9 in Long Blades
 11107 | Lair:1   | Reached skill level 1 in Stealth
 11530 | Lair:2   | Found a deep blue altar of Sif Muna.
 11882 | Lair:2   | Reached skill level 1 in Traps
 13282 | Lair:3   | Noticed a seven-headed hydra
 14008 | Lair:4   | Received a gift from Okawaru
 14520 | D:10     | Found a staircase to the Orcish Mines.
 14922 | D:11     | Noticed a four-headed hydra
 15226 | D:11     | Killed a four-headed hydra
 15448 | D:11     | Reached XP level 12. HP: 39/76 MP: 12/30
 16040 | D:12     | Reached skill level 10 in Long Blades
 17153 | Lair:4   | Reached skill level 5 in Evocations
 17183 | Lair:4   | Received a gift from Okawaru
 17187 | Lair:4   | Got a crystal dagger {god gift}
 17188 | Lair:4   | Identified the dagger of Departure {god gift, drain, Str+4 Stlth+} (Okawaru gifted it to you on level 4 of the Lair of Beasts)
 17538 | Lair:4   | Reached skill level 5 in Armour
 18097 | Lair:5   | Noticed a seven-headed hydra
 18168 | Lair:5   | Found a staircase to the Snake Pit.
 18398 | Lair:5   | Reached skill level 5 in Stealth
 19594 | Lair:6   | Received a gift from Okawaru
 19666 | Lair:6   | Reached skill level 5 in Translocations
 19889 | Lair:6   | Reached XP level 13. HP: 50/82 MP: 11/32
 19921 | Lair:6   | Found a staircase to the Swamp.
 19991 | Lair:6   | Found a staircase to the Shoals.
 21132 | Lair:7   | Reached skill level 10 in Charms
 21274 | Lair:7   | Received a gift from Okawaru
 21292 | Lair:7   | Got an encrusted buckler {god gift}
 21296 | Lair:7   | Identified the +2 buckler of the Elephant {rC+ MR++} (Okawaru gifted it to you on level 7 of the Lair of Beasts)
 21699 | Lair:8   | Entered Level 8 of the Lair of Beasts
 22266 | Lair:8   | Reached skill level 5 in Traps
 22540 | Lair:8   | Reached skill level 11 in Long Blades
 22671 | Lair:8   | Found a staircase to the Slime Pits.
 23497 | Lair:8   | cedor: hi
 23547 | Lair:8   | Killed from afar by a lindwurm

Action                   |  1- 3 |  4- 6 |  7- 9 | 10-12 | 13-15 || total
-------------------------+-------+-------+-------+-------+-------++-------
Melee: Short sword       |   110 |    13 |       |       |       ||   123
       Long sword        |       |    98 |   375 |  1008 |   426 ||  1907
       Falchion          |       |       |    50 |       |       ||    50
       Triple sword      |       |       |       |     8 |       ||     8
       Unarmed           |       |       |       |     4 |       ||     4
 Fire: Sling             |    16 |       |     1 |       |       ||    17
       Blowgun           |       |       |    13 |   156 |    59 ||   228
Throw: Dart              |       |       |       |     2 |       ||     2
 Cast: Infusion          |    19 |    24 |    46 |   109 |    37 ||   235
       Shroud of Golubri |     4 |     8 |    24 |    76 |    35 ||   147
       Song of Slaying   |     2 |     1 |     8 |    25 |     3 ||    39
       Spectral Weapon   |       |    10 |    46 |   129 |    52 ||   237
Invok: Heroism           |       |       |     2 |     5 |     7 ||    14
       Finesse           |       |       |       |       |     1 ||     1
Evoke: Wand              |       |     5 |    13 |    14 |     7 ||    39
  Use: Scroll            |       |     6 |     6 |    26 |     5 ||    43
       Potion            |       |     1 |     1 |     8 |     5 ||    15
 Stab: Distracted        |       |       |     3 |    13 |     8 ||    24
       Paralysed         |       |       |       |     4 |       ||     4
       Sleeping          |       |       |       |     4 |     7 ||    11
